 Dungeon Crawl Stone Soup version 0.24.0-13-gcf9b319 (webtiles) character file.

Game seed: 13566492642999909098, levelgen mode: deterministic

23100 Elska the Cleaver (level 12, -15/112 HPs)
             Began as a Deep Dwarf Fighter on Mar 12, 2020.
             Was an Initiate of Gozag.
             Demolished by a death yak (20 damage)
             ... on level 6 of the Lair of Beasts on Mar 13, 2020.
             The game lasted 01:48:55 (14763 turns).

Elska the Cleaver (Deep Dwarf Fighter)             Turns: 14763, Time: 01:48:55

Health: -15/112    AC: 27    Str: 32    XL:     12   Next: 68%
Magic:  0/0        EV: 14    Int: 10    God:    Gozag
Gold:   1391       SH: 14    Dex: 18    Spells: 1/11 levels left

rFire    + . .     SeeInvis .   H - +3 hand axe (flame)
rCold    + . .     Gourm    .   c - +0 shield
rNeg     . . .     Faith    .   C - +7 ring mail "Faho Nacw" {-Cast rF+ rC+ Str+4}
rPois    +         Spirit   .   P - +2 helmet
rElec    .         Reflect  .   N - +2 cloak {rPois}
rCorr    .         Harm     .   u - +2 pair of gloves
MR       +....     NoCast   +   O - +1 pair of boots
Stlth    +.........             e - amulet of magic regeneration
HPRegen  0.00/turn              t - +6 ring of dexterity
MPRegen  0.32/turn              x - +4 ring of strength

@: gold aura, non-regenerating
A: damage resistance, heal wounds, sense surroundings 2, no regeneration
a: Heal Wounds, Potion Petition, Call Merchant, Bribe Branch, Renounce Religion


You were on level 6 of the Lair of Beasts.
You worshipped Gozag.
Gozag was most pleased with you.
You were not hungry.

You visited 3 branches of the dungeon, and saw 16 of its levels.
You also visited: Sewer.

You collected 3086 gold pieces.
You spent 520 gold pieces at shops.
You paid 1175 gold pieces to Gozag.

Inventory:

Hand Weapons
 w - a +4 hand axe
 H - a +3 hand axe of flaming (weapon)
 J - a +2 double sword
 K - a +2 hand axe of chopping
Missiles
 r - 28 poisoned darts (quivered)
Armour
 c - a +0 shield (worn)
 u - a +2 pair of gloves (worn)
 v - a scarf of resistance
 C - the +7 ring mail "Faho Nacw" (worn) {-Cast rF+ rC+ Str+4}
   (You found it on level 11 of the Dungeon)

   It affects your strength (+4).
   It protects you from fire.
   It protects you from cold.
   It prevents spellcasting.
 D - a scarf of spirit shield
 F - a +0 cloak of invisibility
 N - a +2 cloak of poison resistance (worn)
 O - a +1 pair of boots (worn)
 P - a +2 helmet (worn)
Magical Staves
 E - an uncursed staff of earth {unknown}
Jewellery
 e - an amulet of magic regeneration (around neck)
 i - an uncursed ring of protection from cold {unknown}
 j - an uncursed ring of positive energy
 k - an uncursed amulet of the gourmand
 p - an uncursed ring of wizardry
 t - a +6 ring of dexterity (left hand)
 x - a +4 ring of strength (right hand)
 y - an uncursed ring of magical power
 M - an uncursed ring of ice {unknown}
Wands
 a - a wand of polymorph (12)
 d - a wand of paralysis (10)
 A - a wand of disintegration (6)
 B - a wand of flame (6)
 I - a wand of acid (6)
Scrolls
 o - 3 scrolls of amnesia
 G - 4 scrolls of remove curse
 L - a scroll of identify
Potions
 g - a potion of brilliance
 l - 3 potions of agility
 m - 6 potions of curing
 s - a potion of magic
 z - 2 potions of cancellation
Miscellaneous
 h - a lamp of fire (inert)
Comestibles
 f - 2 rations


   Skills:
 * Level 8.9 Fighting
 * Level 12.8 Axes
   Level 0.1 Bows
 + Level 1.6 Throwing
 * Level 10.4 Armour
 + Level 5.0 Dodging
 - Level 1.5 Stealth
 * Level 12.4 Shields
 + Level 2.6 Evocations


You had one spell level left.
You knew the following spells:

 Your Spells              Type           Power        Failure   Level  Hunger
a - Poisonous Vapours     Pois/Air       #.....       71%         2    ###....
b - Ring of Flames        Chrm/Fire      #.........   100%        7    #######
c - Sting                 Conj/Pois      #...         56%         1    ##.....

Your spell library contained the following spells:

 Spells                   Type           Power        Failure   Level  Hunger
 Confusing Touch          Hex            #.....       56%         1    ##.....
 Infusion                 Chrm           #...         56%         1    ##.....
 Shroud of Golubria       Chrm/Tloc      #.....       71%         2    ###....
 Song of Slaying          Chrm           #.......     71%         2    ###....
 Confuse                  Hex            #.......     91%         3    ####...
 Conjure Flame            Conj/Fire      #.......     91%         3    ####...
 Gell's Gravitas          Tloc           #.........   91%         3    ####...
 Mephitic Cloud           Conj/Pois/Air  #.......     91%         3    ####...
 Spectral Weapon          Hex/Chrm       #.......     91%         3    ####...
 Olgreb's Toxic Radiance  Pois           #.......     100%        4    #####..
 Petrify                  Tmut/Erth      #.......     100%        4    #####..
 Metabolic Englaciation   Hex/Ice        #.........   100%        5    ######.
 Venom Bolt               Conj/Pois      #.........   100%        5    ######.
 Yara's Violent Unravell  Hex/Tmut       #.........   100%        5    ######.
 Freezing Cloud           Conj/Ice/Air   #.........   100%        6    #######
 Regeneration             Chrm/Necr      Unusable     N/A         3    N/A

Dungeon Overview and Level Annotations

Branches:
Dungeon (11/15)            Temple (1/1) D:5            Lair (3/6) D:11
    Orc (0/2) D:10          Sewer (visited)
  Swamp: Lair:2-4    Shoals: Lair:2-4     Snake: Lair:2-4    Spider: Lair:2-4

Altars:
Ashenzari
Cheibriados
Dithmenos
Elyvilon
Fedhas
Gozag
Hepliaklqana
Kikubaaqudgha
Makhleb
Nemelex Xobeh
Okawaru
Qazlal
Ru
Sif Muna
Trog
Uskayaw
Vehumet
Wu Jian
Xom
Yredelemnul
Zin
The Shining One
Beogh

Shops:
D:4 }

Annotations:
Lair:3 exclusion: oklob plant


Innate Abilities, Weirdness & Mutations

You are resistant to damage.
You can heal yourself by infusing magical energy.
You passively map the area around you.
You do not regenerate.


Message History

t - Shout!
Orders for allies: a - Attack new target. p - Attack previous target. r - Retreat! s - Stop attacking. g - Guard the area. f - Follow me.
Anything else - Cancel.
Okay, then.
You hit the spiny frog but do no damage.
You hit the rime drake. You burn the rime drake.
Your ring mail "Faho Nacw" prevents you from hitting the wyvern.
You hit the death yak but do no damage.
Your wyvern bites the wyvern.
You block the wyvern's attack. The spiny frog misses you.
The rime drake barely misses you.
Aiming: Disintegrate
Press: ? - help, Shift-Dir - straight line, f/p - wyvern
Aim: a wyvern (lightly wounded, chance to defeat MR: 76%)
The wyvern is blasted!
Your wyvern bites the wyvern!
The wyvern dies!
The death yak gores you!!
You die...
Your body crumbles into a pile of gold.

* #### , #...##
#.#..# , ,
#....## ,
#....k## ,
#....$@# *
#...lYF## ,
#.....y.## ,
#.....y..# *, ,
#........### ,
##.........### ,
* ##..........##
* ##.Y........#
## *
##.........##.##


You could see 2 death yaks, a spiny frog, a rime drake, 2 hornets and a friendly
wyvern.

Vanquished Creatures
  A hydra (Lair:2)
  A centaur warrior (D:9)
  A two-headed ogre (D:9)
  An orc high priest (D:10)
  Urug (Lair:1)
  An unseen horror (D:11)
  Pikel (D:8)
  A manticore (D:11)
  Joseph (Lair:1)
  Maurice (D:8)
  5 black mambas
  2 elephants (Lair:2)
  3 spiny frogs
  3 rime drakes
  A troll (D:9)
  The ghost of txstrosman the Bolt Thrower, an amateur CeHu (D:4)
  Grinder (D:6)
  A hornet (D:10)
  4 blink frogs (Lair:3)
  4 hippogriffs
  A wraith (D:10)
  14 yaks
  3 hungry ghosts
  2 basilisks
  An acid dragon (D:11)
  2 water moccasins
  A swamp drake (D:10)
  4 porcupines
  3 ice beasts
  3 slaves (D:8)
  A black bear (D:6)
  2 hornet zombies (D:11)
  7 ogres
  A necrophage (D:9)
  6 orc warriors
  2 phantoms
  7 wolves (Lair:3)
  6 centaurs
  3 crocodiles
  The ghost of Deepelfeos the Caller, an amateur DESu of Fedhas (D:4)
  10 bullfrogs
  2 gnoll sergeants (D:9)
  A water moccasin zombie (D:11)
  2 wyvern zombies
  8 scorpions
  16 killer bees
  2 howler monkeys
  An electric eel (D:6)
  3 bullfrog zombies
  4 crimson imps
  A hound (D:8)
  10 orc priests
  A bullfrog skeleton (D:7)
  5 jellies
  3 quasits
  A gnoll shaman (D:7)
  19 orc wizards
  5 centaur skeletons
  2 iguanas
  Terence (D:2)
  11 worker ants
  2 hound skeletons
  A worker ant zombie (D:8)
  Robin (D:3)
  14 gnolls
  13 adders
  A shadow imp (D:4)
  3 adder skeletons (D:4)
  2 adder zombies
  6 worms
  3 dart slugs
  54 orcs
  4 giant cockroaches
  16 hobgoblins
  8 jackals
  8 kobolds
  6 quokkas
  9 ball pythons
  7 bats
  10 frilled lizards
  17 goblins
  A leopard gecko skeleton (D:4)
  A leopard gecko zombie (D:5)
  A quokka zombie (D:9)
  7 rats
  3 plants
411 creatures vanquished.

Vanquished Creatures (collateral kills)
  A wyvern (Lair:6)
1 creature vanquished.

Vanquished Creatures (others)
  2 fungi (Lair:6)
  5 plants
7 creatures vanquished.

Grand Total: 419 creatures vanquished

Notes
Turn   | Place    | Note
-------+----------+-------------------------------------------
     0 | D:1      | Elska the Deep Dwarf Fighter began the quest for the Orb.
     0 | D:1      | Reached XP level 1. HP: 20/20 MP: 1/1
   272 | D:1      | Reached XP level 2. HP: 24/27 MP: 2/2
  1300 | D:1      | Reached XP level 3. HP: 33/33 MP: 3/3
  1789 | D:2      | Noticed Terence
  1796 | D:2      | Killed Terence
  1796 | D:2      | Reached XP level 4. HP: 39/40 MP: 3/3
  1981 | D:2      | Reached skill level 1 in Dodging
  2056 | D:2      | Reached XP level 5. HP: 45/48 MP: 4/4
  2808 | D:3      | Noticed Robin
  2810 | D:3      | Found a glowing drain.
  2846 | D:3      | Killed Robin
  2915 | Sewer    | Entered a sewer
  3475 | D:4      | Reached XP level 6. HP: 50/56 MP: 4/4
  3608 | D:4      | Reached skill level 5 in Axes
  3695 | D:4      | Found Laegri's Gadget Shop.
  3778 | D:4      | Found a runed translucent gate.
  3778 | D:4      | Found a runed translucent gate.
  3778 | D:4      | Found a runed translucent gate.
  3778 | D:4      | Noticed Deepelfeos's ghost (amateur DESu)
  3779 | D:4      | Noticed txstrosman's ghost (amateur CeHu)
  3820 | D:4      | Killed txstrosman's ghost
  3820 | D:4      | Reached skill level 5 in Armour
  3820 | D:4      | Reached skill level 5 in Shields
  3820 | D:4      | Reached XP level 7. HP: 40/62 MP: 5/5
  3842 | D:4      | Killed Deepelfeos's ghost
  4479 | D:5      | Entered Level 5 of the Dungeon
  4521 | D:5      | Reached XP level 8. HP: 48/72 MP: 6/6
  4602 | D:5      | Found a staircase to the Ecumenical Temple.
  4614 | Temple   | Entered the Ecumenical Temple
  4727 | Temple   | Became a worshipper of Gozag Ym Sagoz the Greedy
  5689 | D:6      | Reached skill level 1 in Throwing
  5952 | D:6      | Noticed Grinder
  5954 | D:6      | Paralysed by Grinder for 7 turns
  5982 | D:6      | Killed Grinder
  5982 | D:6      | Gained mutation: You passively map the area around you.
                  | [Deep Dwarf growth]
  5982 | D:6      | Reached XP level 9. HP: 57/79 MP: 4/4
  7066 | D:4      | Bought a lamp of fire for 520 gold pieces
  7276 | D:7      | Found a sparkling altar of Nemelex Xobeh.
  7467 | D:7      | Reached skill level 5 in Fighting
  7471 | D:7      | Reached skill level 1 in Stealth
  8276 | D:8      | Noticed Pikel
  8292 | D:8      | Killed Pikel
  8556 | D:8      | Reached XP level 10. HP: 88/91 MP: 4/4
  8579 | D:8      | Noticed Maurice
  8595 | D:8      | Killed Maurice
  9149 | D:9      | Noticed a two-headed ogre
  9158 | D:9      | Killed a two-headed ogre
  9193 | D:9      | Noticed a centaur warrior
  9200 | D:9      | Reached skill level 1 in Evocations
  9206 | D:9      | Killed a centaur warrior
  9238 | D:9      | Reached skill level 10 in Axes
  9334 | D:9      | Reached skill level 10 in Shields
  9705 | D:10     | Entered Level 10 of the Dungeon
  9731 | D:10     | Paralysed by a hornet for 1 turns
  9855 | D:10     | Reached XP level 11. HP: 91/99 MP: 4/4
 10070 | D:10     | Noticed an orc high priest
 10071 | D:10     | Found a roughly hewn altar of Beogh.
 10071 | D:10     | Found a transporter.
 10111 | D:10     | Found a transporter.
 10680 | D:10     | Found a staircase to the Orcish Mines.
 11024 | D:10     | Killed an orc high priest
 11797 | D:11     | Killed an unseen horror
 12337 | D:11     | Got a crude ring mail
 12348 | D:11     | Identified the +7 ring mail "Faho Nacw" {-Cast rF+ rC+
                  | Str+4} (You found it on level 11 of the Dungeon)
 12356 | D:11     | Found a staircase to the Lair.
 12481 | Lair:1   | Entered Level 1 of the Lair of Beasts
 12635 | Lair:1   | You fall into a shaft and drop 1 floor!
 12800 | Lair:1   | Noticed Urug
 12826 | Lair:1   | Killed Urug
 12826 | Lair:1   | Reached skill level 10 in Armour
 12948 | Lair:1   | Noticed Joseph
 12973 | Lair:1   | Killed Joseph
 12973 | Lair:1   | Reached XP level 12. HP: 60/110 MP: 1/1
 13118 | Lair:1   | Learned a level 2 spell: Poisonous Vapours
 13126 | Lair:1   | Learned a level 7 spell: Ring of Flames
 13128 | Lair:1   | Learned a level 1 spell: Sting
 13868 | Lair:2   | Noticed an eight-headed hydra
 13878 | Lair:2   | Killed a two-headed hydra
 14524 | Lair:3   | Reached skill level 5 in Dodging
 14715 | Lair:3   | You fall into a shaft and drop 3 floors!
 14715 | Lair:6   | Entered Level 6 of the Lair of Beasts
 14715 | Lair:6   | Noticed a death yak
 14715 | Lair:6   | Noticed a death yak
 14715 | Lair:6   | Noticed a death yak
 14715 | Lair:6   | Noticed a death yak
 14715 | Lair:6   | Noticed a death yak
 14726 | Lair:6   | HP: 5/112 [death yak (5)]
 14763 | Lair:6   | Demolished by a death yak

Levels and vault maps discovered:
D:1:      nzn_arrival_settlement, layout_loops_ring
D:2:      layout_basic, minmay_box_of_dots, uniq_terence
D:3:      layout_loops_corners, first_ration, cheibrodos_sewer_entry_sluice,
          uniq_robin
D:4:      layout_cave_pools, gammafunk_ghost_cemetery, serial_shops,
          kennysheep_mini
D:5:      layout_cave_pools, minmay_temple_entry_mist
D:6:      layout_layer_cave, minmay_misc_feat_rugged, nrook_pool_corridor,
          uniq_grinder
D:7:      layout_basic, nemelex_xobeh_ov_fountains_minmay
D:8:      minmay_evil_eye, layout_cave_pools, uniq_maurice, uniq_pikel
D:9:      layout_rooms
D:10:     gammafunk_beogh_shrine, layout_irregular_city, erik_orc_1
D:11:     layout_roguey, lair_entry_dummy
Temple:   kilobyte_greek_temple
Lair:1:   layout_gridlike, minmay_shattered_shrine, uniq_joseph, uniq_urug
Lair:2:   layout_regular_city, serial_bayou_lake_a, infiniplex_staircase_pool_2,
          grunt_megastairs_3
Lair:3:   regret_index_harrowing_hell_hive, layout_hall_layers,
          serial_bayou_shore_a
Lair:6:   gammafunk_lair_ancient_temple, layout_hall_layers, lemuel_fruit_fields

Skill      XL: |  1  2  3  4  5  6  7  8  9 10 11 12 |
---------------+-------------------------------------+-----
Axes           | 3 4 6 8 9 10 11 12 | 12.8
Shields        | 4 5 6 8 10 11 12 | 12.4
Armour         | 4 5 6 8 9 10 | 10.4
Dodging        | 1 2 3 4 5 |  5.0
Fighting       | 3 4 5 6 8 |  8.9
Throwing       | 1 |  1.6
Stealth        | 1 |  1.5
Evocations     | 1 2 |  2.6
Bows           | |  0.1

Action                   |  1- 3 |  4- 6 |  7- 9 | 10-12 || total
-------------------------+-------+-------+-------+-------++-------
Melee: War axe           |   105 |   213 |       |       ||   318
       Hand axe          |       |    52 |   445 |   764 ||  1261
 Fire: Shortbow          |       |       |       |     9 ||     9
Throw: Dart              |       |       |    20 |    16 ||    36
Invok: Potion Petition   |       |       |     1 |     3 ||     4
 Abil: Heal Wounds       |     3 |     8 |    27 |    26 ||    64
Evoke: Wand              |       |       |     2 |    16 ||    18
       Lamp of fire      |       |       |       |     2 ||     2
       Phantom mirror    |       |       |       |     1 ||     1
  Use: Scroll            |     4 |     4 |    10 |    15 ||    33
       Potion            |       |    10 |     6 |    11 ||    27
 Stab: Distracted        |       |       |       |     1 ||     1
  Eat: Chunk             |     2 |       |       |       ||     2
       Ration            |     1 |     2 |     4 |     8 ||    15
Armor: Scale mail        |    73 |   107 |   206 |   140 ||   526
       Ring mail         |       |       |       |    82 ||    82
Dodge: Dodged            |    40 |    84 |   144 |   239 ||   507
Block: Shield            |    70 |   140 |   241 |   453 ||   904
